 Dungeon Crawl Stone Soup version 0.17-a0-1504-gb7d9117 (webtiles) character file.

360 Chiseanne the Skirmisher (level 6, -1/72 HPs)
             Began as a Demonspawn Warper on July 9, 2015.
             Slain by an orc priest
             ... wielding a +0 hand axe
              (3 damage)
             ... on level 4 of the Dungeon.
             The game lasted 00:10:59 (4953 turns).

Chiseanne the Skirmisher (Demonspawn Warper)        Turns: 4953, Time: 00:10:59

Health: -1/72      AC:  6    Str: 15 (18) XL:     6   Next: 38%
Magic:  10/10      EV: 12    Int: 15      God:
Gold:   113        SH:  0    Dex: 12      Spells: 4 memorised, 3 levels left

rFire  . . .     SeeInvis .     a - +0 hand axe
rCold  . . .     Clarity  .     o - +0 ring mail
rNeg   . . .     SustAt   .     (no shield)
rPois  .         Gourm    .     (no helmet)
rElec  .         Spirit   .     (no cloak)
rCorr  .         Warding  .     u - +0 pair of gloves
rMut   .         Stasis   .     (no boots)
MR     .....                    (no amulet)
Stlth  ..........               (no ring)
                                (no ring)

@: berserking, lethally poisoned (-1 -> -14), very quick, not resistant to
hostile enchantments, extremely unstealthy
A: hooves 2
a: no special abilities


You were on level 4 of the Dungeon.
You were not hungry.

You visited 1 branch of the dungeon, and saw 4 of its levels.
You also visited: Ossuary.

You collected 113 gold pieces.

Inventory:

Hand weapons
 a - a +0 hand axe (weapon)
Missiles
 g - 34 bolts
 j - 14 poisoned needles
 m - a throwing net (quivered)
Armour
 o - a +0 ring mail (worn)
 u - a +0 pair of gloves (worn)
Scrolls
 b - a scroll of fear
 d - a scroll of blinking
 s - a scroll of magic mapping
 v - a scroll of amnesia
Potions
 h - 2 potions of mutation
 l - 2 potions of brilliance
 q - a potion of lignification {unknown}
 r - a potion of curing {unknown}
 t - a potion of ambrosia {unknown}
Books
 c - a book of Spatial Translocations

   Spells                             Type                      Level
   a - Apportation                    Translocation                1
   b - Blink                          Translocation                2
   c - Shroud of Golubria             Charms/Translocation         2
   d - Portal Projectile              Translocation                3
   e - Teleport Other                 Translocation                3
   f - Passage of Golubria            Translocation                4
Comestibles
 f - a bread ration
 n - 3 chunks of flesh


   Skills:
 * Level 4.2 Fighting
 - Level 1.7 Axes
 - Level 0.8 Throwing
 - Level 0.8 Armour
 * Level 3.6 Dodging
 + Level 3.1 Spellcasting
 + Level 3.6 Translocations


You had 3 spell levels left.
You knew the following spells:

 Your Spells              Type           Power        Failure   Level  Hunger
a - Apportation           Tloc           ##........   12%         1    #......
b - Blink                 Tloc           N/A          17%         2    ##.....
c - Shroud of Golubria    Chrm/Tloc      #.........   30%         2    ##.....
d - Teleport Other        Tloc           ##......     30%         3    ###....


Dungeon Overview and Level Annotations

Branches:
Dungeon (4/15)
 Temple: D:4-7

Altars:
Fedhas
Makhleb
The Shining One

Annotations:
D:4 Tyryt0's ghost, average GrFi


Innate Abilities, Weirdness & Mutations

You have hoof-like feet.


Message History

You are more poisoned.
The worker ant poisons you!
Drink which item? (? for menu, Esc to quit)
It was a potion of berserk rage.
A red film seems to cover your vision as you go berserk!
You feel yourself moving faster!
You feel mighty!
* * * LOW HITPOINT WARNING * * *
You feel sick. The worker ant misses you.
You slash the orc priest!
The orc priest is severely wounded.
You hit the worker ant.
You kill the worker ant!
* * * LOW HITPOINT WARNING * * *
You feel sick.
You completely miss the orc priest. Your kick misses the orc priest.
The orc priest is severely wounded.
* * * LOW HITPOINT WARNING * * *
You feel sick.
The orc priest hits you with a hand axe.
You die...

######## #......#
##......## #####
'......'. ..... #)o....#
#... ##@.....# #...
#(†....## #... #(.....#
##... #......# .....
...##......#### ......
.....'..(...'..###......
###.##......##......####
# #......##......# #
#......##......#


You could see an orc priest.

Vanquished Creatures
  2 worker ants (D:4)
  An orc priest (D:4)
  7 big kobold zombies (Ossuary)
  A mummy (Ossuary)
  5 adders
  2 giant geckos
  9 orcs
  11 bats
  A bat simulacrum (Ossuary)
  5 hobgoblins
  7 jackals (D:1)
  A quokka (D:2)
  2 ball pythons
  2 giant cockroaches
  4 giant newts (D:1)
  4 gnoll zombies (Ossuary)
  3 goblins
  5 goblin zombies (Ossuary)
  5 hobgoblin zombies (Ossuary)
  9 kobolds
  4 kobold zombies (Ossuary)
  2 orc zombies (Ossuary)
  10 rats
102 creatures vanquished.

Vanquished Creatures (others)
  A big kobold zombie (Ossuary)
  A hobgoblin zombie (Ossuary)
  An orc zombie (Ossuary)
3 creatures vanquished.

Grand Total: 105 creatures vanquished

Notes
Turn   | Place    | Note
--------------------------------------------------------------
     0 | D:1      | Chiseanne the Demonspawn Warper began the quest for the Orb.
     0 | D:1      | Reached XP level 1. HP: 16/16 MP: 3/3
   326 | D:1      | Gained mutation: You have large cloven feet. [demonic ancestry]
   326 | D:1      | Reached XP level 2. HP: 23/23 MP: 5/5
   748 | D:1      | Reached XP level 3. HP: 28/28 MP: 6/6
  1124 | D:2      | Found a burning altar of Makhleb.
  1173 | D:2      | Reached skill level 3 in Translocations
  1491 | D:2      | Found a glowing golden altar of the Shining One.
  1531 | D:2      | Reached XP level 4. HP: 30/34 MP: 7/7
  1947 | D:3      | Learned a level 2 spell: Blink
  1950 | D:3      | Learned a level 2 spell: Shroud of Golubria
  1954 | D:3      | Learned a level 3 spell: Teleport Other
  1961 | D:3      | Found a blossoming altar of Fedhas.
  2128 | D:4      | Found a sand-covered staircase.
  2139 | D:4      | Noticed Tyryt0's ghost (average GrFi)
  2141 | Ossuary  | Entered an ossuary
  2532 | Ossuary  | Reached XP level 5. HP: 21/41 MP: 9/9
  4166 | D:4      | Gained mutation: You have hoof-like feet. [demonic ancestry]
  4166 | D:4      | Reached XP level 6. HP: 5/48 MP: 10/10
  4181 | D:4      | HP: 2/48 [poisoned by a worker ant]
  4540 | D:4      | Reached skill level 4 in Fighting
  4952 | D:4      | HP: 3/72 [poisoned by a worker ant]
  4953 | D:4      | Slain by an orc priest

Vault maps used:
D:1:      elethiomel_arrival_infinity_welcomes_careful_drivers
D:2:      bloody_makhleb, tso_metal_star
D:3:      fedhas_altar_2, ecumenical_altar_1, trog_book, uniq_robin
D:4:      nicolae_ossuary_entry_monument, serial_shops, kennysheep_mini_moat,
          hangedman_decor_clover_reticule
Ossuary:  ossuary_zaba_two_paths

Action                   |  1- 3 |  4- 6 || total
-------------------------+-------+-------++-------
Melee: Hand axe          |   139 |   369 ||   508
Throw: Tomahawk          |     5 |       ||     5
 Cast: Apportation       |       |     5 ||     5
  Use: Scroll            |     5 |     8 ||    13
       Potion            |       |     4 ||     4
  Eat: Chunk             |     2 |     6 ||     8
       Beef jerky        |       |     1 ||     1
       Bread ration      |       |     1 ||     1
